 Dungeon Crawl Stone Soup version 0.17.1-1-g73c8601 (webtiles) character file.

125 PossumBlood the Shield-Bearer (level 5, -3/42 HPs)
             Began as a Formicid Fighter on Dec 11, 2015.
             Slain by a gnoll
             ... wielding a +0 halberd
              (6 damage)
             ... on level 3 of the Dungeon.
             The game lasted 00:06:55 (2305 turns).

PossumBlood the Shield-Bearer (Formicid Fighter)    Turns: 2305, Time: 00:06:56

Health: -3/42      AC:  8    Str: 21 (22) XL:     5   Next: 30%
Magic:  5/5        EV: 11    Int: 12      God:
Gold:   229        SH:  9    Dex: 10      Spells: 0 memorised, 4 levels left

rFire  . . .     SeeInvis +     a - +0 long sword
rCold  . . .     Clarity  .     b - +0 scale mail
rNeg   + . .     SustAt   .     c - +0 shield
rPois  .         Gourm    .     (helmet unavailable)
rElec  .         Spirit   .     (no cloak)
rCorr  .         Warding  +     (no gloves)
rMut   .         Stasis   +     m - +0 pair of boots (curse)
MR     .....                    r - amulet of warding
Stlth  ..........               (no ring)
                                l - +3 ring of evasion

@: brilliant, not resistant to hostile enchantments, extremely unstealthy
A: permanent stasis, dig shafts and tunnels, four strong arms, antennae 3
a: Dig, Shaft Self


You were on level 3 of the Dungeon.
You were not hungry.

You visited 1 branch of the dungeon, and saw 3 of its levels.

You collected 229 gold pieces.

Inventory:

Hand Weapons
 a - a +0 long sword (weapon)
Missiles
 u - 8 tomahawks (quivered)
Armour
 b - a +0 scale mail (worn)
 c - a +0 shield (worn)
 e - a +0 pair of boots
 m - a cursed +0 pair of boots (worn)
Jewellery
 l - a +3 ring of evasion (left hand)
 q - an uncursed amulet of resist corrosion
 r - an amulet of warding (around neck)
Wands
 v - a wand of random effects (27)
Scrolls
 f - a scroll of enchant armour {unknown}
 g - 2 scrolls of remove curse {unknown}
 h - a scroll of immolation {unknown}
 j - 4 scrolls of identify {unknown}
 n - a scroll of fog {unknown}
 o - 2 scrolls of teleportation {unknown}
 p - a scroll of recharging {unknown}
 s - a scroll of fear {unknown}
Potions
 d - a potion of might
Comestibles
 k - 3 meat rations


   Skills:
 + Level 3.8 Fighting
 * Level 3.6 Long Blades
 + Level 4.2 Armour
 + Level 4.2 Shields


You had 4 spell levels left.
You didn't know any spells.

Dungeon Overview and Level Annotations

Branches:
Dungeon (3/15)

Altars:
Okawaru
Zin


Innate Abilities, Weirdness & Mutations

You are under a permanent stasis effect.
You can dig through walls and to a lower floor.
Your four strong arms can wield two-handed weapons with a shield.
You have a pair of large antennae on your head (SInv).


Message History

You block the gnoll's attack.
The quokka bites you but does no damage.
You block the gnoll's attack.
You barely miss the gnoll.
The gnoll is moderately wounded.
You block the quokka's attack. x2
The gnoll closely misses you.
You barely miss the gnoll.
The gnoll is moderately wounded.
The quokka twitches its whiskers.
The quokka bites you but does no damage.
You block the gnoll's attack.
You slash the gnoll!
The gnoll is severely wounded.
The quokka barely misses you. You block the quokka's attack.
The gnoll closely misses you.
You closely miss the gnoll.
The gnoll is severely wounded.
You block the quokka's attack. The gnoll hits you with a halberd.
You die...

########## # #........#
.#
#####........#####.###.#
....'...........r.......
....#........#..@g......
....##########.###......
.....########... .....
...........##..## ##+#
'###.......##..# {
.#.'.......##..#
.#.#.......##...
.#.#.......##...
.#.#.......#


You could see a gnoll and a quokka.

Vanquished Creatures
  2 adders (D:3)
  6 gnolls
  A worm (D:2)
  3 giant geckos
  3 bats
  5 goblins
  5 hobgoblins
  2 jackals (D:1)
  3 kobolds
  A quokka (D:2)
  3 ball pythons
  2 giant cockroaches
  5 giant newts
  8 rats
49 creatures vanquished.

Notes
Turn   | Place    | Note
--------------------------------------------------------------
     0 | D:1      | PossumBlood the Formicid Fighter began the quest for the Orb.
     0 | D:1      | Reached XP level 1. HP: 18/18 MP: 1/1
   359 | D:1      | Reached XP level 2. HP: 24/24 MP: 2/2
   861 | D:2      | Reached XP level 3. HP: 29/29 MP: 3/3
  1483 | D:2      | Reached skill level 4 in Shields
  1534 | D:2      | Reached XP level 4. HP: 20/35 MP: 4/4
  2128 | D:3      | Reached XP level 5. HP: 42/42 MP: 5/5
  2144 | D:3      | Found a glowing silver altar of Zin.
  2203 | D:3      | Found an iron altar of Okawaru.
  2297 | D:3      | HP: 2/42 [gnoll/halberd (5)]
  2305 | D:3      | Slain by a gnoll

Action                   |  1- 3 |  4- 6 || total
-------------------------+-------+-------++-------
Melee: Long sword        |   118 |    88 ||   206
  Use: Potion            |       |     2 ||     2
  Eat: Bread ration      |     1 |       ||     1
